Unix NetHack Version 5.0.0-0 post-release - last build May 17 2026 04:57:42 (dc50c8380fa5e20985bfe3072449f57b8d9895ef,branch:main).

Game began 2026-05-17 16:38:57, ended 2026-05-17 16:59:26.

Ackbladder, neutral female gnomish Wizard

                                          --------
                              ------------->.|...|
                              |%^^^^=^....^..@...|
                              |+-----------..|a.-|
                              |.....|--...|.`|...|
                              |.....|-...-/`.|...|
                              |.....|.......--...|
                              |..<..|.-.|..-..|.-|
                              |.....|.``|.`.`.|..|
                              |.....|.-.|``-..`..|
                              |.....|...|........|
                              --------------------

Ackbladder the Thaumaturge  St:9 Dx:15 Co:16 In:19 Wi:13 Ch:11  Neutral
Dlvl:3  $:181 HP:0(47) Pw:40(60) AC:9  Xp:6 T:4095  Burdened

Latest messages:
 With great effort you move the boulder.
 You are carrying too much to get through.
 With great effort you move the boulder.
 The boulder suddenly rolls away from you!
 You hear a boulder fall.
 With great effort you move the boulder.
 The boulder suddenly rolls away from you!
 You hear a boulder fall.
 With great effort you move the boulder.
 You feel agile!
 You must have been working on your reflexes.
 With great effort you move the boulder.
 The boulder suddenly rolls away from you!
 You hear a boulder fall.
 You miss the fire ant.
 The fire ant bites!
 The fire ant bites again!
 You're on fire!
 In what direction? 7
 The spell hits the fire ant!
 The fire ant bites!
 The fire ant bites again!
 You avoid harm.
 The fire ant bites!
 The fire ant bites again!
 You avoid harm.
 In what direction? 7
 The spell hits the fire ant!
 You kill the fire ant!
 In what direction? 2
 The spell misses the fire ant.
 The fire ant bites!
 The fire ant bites again!
 You're on fire!
 Your lamp catches light!
 The fire ant bites!
 The fire ant bites again!
 You're on fire!
 In what direction? 2
 The spell hits the fire ant!
 The fire ant bites!
 The fire ant bites again!
 You avoid harm.
 The fire ant bites!
 The fire ant bites again!
 You're on fire!
 The fire ant bites!
 You die...
 Do you want your possessions identified? [ynq] (y) y
 Do you want to see your attributes? [ynq] (y) q

Inventory:
 Coins    ('$')
  $ - 181 gold pieces
 Amulets  ('"')
  x - an uncursed amulet of flying
  L - a blessed amulet of guarding
 Weapons  (')')
  a - a blessed +1 quarterstaff (weapon in hands)
 Armor    ('[')
  b - an uncursed +0 cloak of magic resistance (being worn)
 Comestibles  ('%')
  C - an uncursed candy bar labeled "Nilla Crunchie"
  U - an uncursed carrot
  t - 9 uncursed food rations
  N - an uncursed fortune cookie
  I - an uncursed lembas wafer
  J - 2 uncursed tripe rations
  P - an uncursed rotten tin of iguana meat
 Scrolls  ('?')
  W - 2 blessed scrolls of earth
  r - an uncursed scroll of enchant weapon
  i - an uncursed scroll of gold detection
  u - a blessed scroll of identify
  k - an uncursed scroll of identify
  A - a blessed scroll of light
  j - 2 uncursed scrolls of light
  l - a blessed scroll of magic mapping
  V - an uncursed scroll of remove curse
  S - an uncursed scroll of teleportation
 Potions  ('!')
  G - a cursed potion of blindness
  q - an uncursed potion of booze
  X - a cursed potion of fruit juice
  h - 2 uncursed potions of gain energy
  F - an uncursed potion of healing
  M - an uncursed potion of invisibility
  f - an uncursed potion of levitation
  o - 2 uncursed potions of object detection
  p - 2 uncursed potions of restore ability
  g - an uncursed potion of see invisible
 Rings    ('=')
  e - an uncursed ring of conflict
  R - an uncursed ring of free action
  H - an uncursed ring of slow digestion
  d - an uncursed ring of stealth
 Wands    ('/')
  T - a wand of create monster (0:10)
  c - a wand of light (0:14)
  Y - a wand of lightning (0:4)
  K - a wand of lightning (0:3)
  O - a wand of nothing (0:11)
  Z - a wand of secret door detection (0:14)
  z - a wand of sleep (0:6)
 Tools    ('(')
  v - an uncursed leash
  E - an uncursed leash
  D - an uncursed magic lamp (lit)
  n - a magic marker (0:21)
  y - an uncursed tin opener
  Q - an uncursed tin opener
  B - a tinning kit (0:94)
 Gems/Stones  ('*')
  w - an uncursed worthless piece of green glass
  s - 2 uncursed worthless pieces of yellow glass

Ackbladder the Wizard's attributes:

Background:
 You were a Thaumaturge, a level 6 female gnomish Wizard.
 You were neutral, on a mission for Thoth
 who was opposed by Ptah (lawful) and Anhur (chaotic).
 You were right-handed.
 You were in Sokoban, on level 3.
 You entered the dungeon 4095 turns ago.
 There was a new moon in effect when your adventure ended.
 You had 528 experience points, 112 more were needed to attain level 7.

Basics:
 You had 0 out of 47 hit points.
 You had 40 out of 60 energy points (spell power).
 Your armor class was 9.
 Your wallet contained 181 zorkmids.
 Autopickup was off.

Final Characteristics:
 Your strength was 9 (limit:18/50).
 Your dexterity was 15 (limit:18).
 Your constitution was 16 (limit:18).
 Your intelligence was 19 (limit:19).
 Your wisdom was 13 (limit:18).
 Your charisma was 11 (limit:18).

Final Status:
 You weren't hungry.
 You were burdened; movement was slightly slowed.
 You were wielding a quarterstaff.
 You had basic skill with quarterstaff and could have enhanced that.

Final Attributes:
 You were piously aligned.
 You were magic-protected.
 You were poison resistant.
 You were telepathic.
 You had infravision.
 You were warded.
 You are dead.

Miscellaneous:
 You didn't encounter any bones levels.
 Total elapsed playing time was 20 minutes and 28 seconds.

Major events:
 Turn
    1: Ackbladder the neutral female gnomish Wizard entered the dungeon
  562: attained the rank of Conjurer (level 3)
  991: entered the Gnomish Mines
 2427: entered Sokoban
 2587: attained the rank of Thaumaturge (level 6)
 3368: completed 1st Sokoban level
 3912: completed 2nd Sokoban level
 4095: killed by a fire ant

Spells:
 Name                 Level Category     Fail Retention
 force bolt             1   attack         0%   71%-80%
 cause fear             3   enchantment    0%   71%-80%
 create monster         2   clerical      24%  76%-100%
 levitation             4   escape        93%  76%-100%
 slow monster           2   enchantment    0%  91%-100%

Skills:
 Fighting Skills
   bare handed combat [Unskilled]
   riding             [Unskilled]
 Weapon Skills
   dagger             [Unskilled]
   knife              [Unskilled]
   axe                [Unskilled]
   short sword        [Unskilled]
   club               [Unskilled]
   mace               [Unskilled]
   quarterstaff       [Basic]
   polearms           [Unskilled]
   spear              [Unskilled]
   trident            [Unskilled]
   sling              [Unskilled]
   dart               [Unskilled]
   shuriken           [Unskilled]
 Spellcasting Skills
   attack spells      [Basic]
   healing spells     [Unskilled]
   divination spells  [Unskilled]
   enchantment spells [Basic]
   clerical spells    [Unskilled]
   escape spells      [Unskilled]
   matter spells      [Unskilled]

Voluntary challenges:
 Character rerolling was not enabled.
 You never genocided any monsters.
 You never polymorphed an object.
 You never changed form.
 You used no wishes.
 You did not violate any of the special Sokoban rules.
Achievements:
 You attained the rank of Conjurer.
 You entered the Gnomish Mines.
 You entered Sokoban.
 You attained the rank of Thaumaturge.

 The Dungeons of Doom: levels 1 to 6
    Level 1:
       A fountain, some graves.
    Level 2:
       A fountain.
    Level 3:
       A fountain.
       Stairs down to The Gnomish Mines.
    Level 4:
       A fountain.
    Level 5:
       Many fountains.
    Level 6:
       An altar.
       Stairs up to Sokoban, level 5.
 The Gnomish Mines:
    Level 4:
 Sokoban: levels 5 up to 3
    Level 3: <- You were here.
       Unsolved.
       Final resting place for
          you, killed by a fire ant.
    Level 4:
       Solved.
    Level 5:
       Solved.


Vanquished creatures:
  2 quivering blobs
  a leprechaun
  a dingo
  a blue jelly
  3 human zombies
  a rope golem
  a fire ant
  a rock piercer
  a rock mole
  a yellow light
  a shrieker
 an elf zombie
  3 floating eyes
  a kitten
  a dwarf
  2 kobold leaders
  a rothe
  a rabid rat
  2 centipedes
  2 monkeys
  a dwarf zombie
  2 iguanas
  2 acid blobs
  2 coyotes
  a hobbit
  3 hobgoblins
  3 giant rats
  a gnome zombie
  3 geckos
  3 jackals
  2 foxes
  a kobold
  2 goblins
  2 grid bugs
  5 lichens
  5 newts
66 creatures vanquished.

No species were genocided or became extinct.

Game over:
                       ----------
                      /          \
                     /    REST    \
                    /      IN      \
                   /     PEACE      \
                  /                  \
                  |    Ackbladder    |
                  |      181 Au      |
                  | killed by a fire |
                  |       ant        |
                  |                  |
                  |                  |
                  |       2026       |
                 *|     *  *  *      | *
        _________)/\\_//(\/(/\)/\//\/|_)_______

Goodbye Ackbladder the Wizard...

You died in Sokoban on dungeon level 3 with 2565 points,
and 181 pieces of gold, after 4095 moves.
You were level 6 with a maximum of 47 hit points when you died.

